 Dungeon Crawl Stone Soup version 0.17.2-1-ge4368a0 (webtiles) character file.

170 Goblin1989 the Insei (level 5, -1/41 HPs)
             Began as a Demonspawn Monk on Aug 29, 2017.
             Slain by a gnoll (4 damage)
             ... on level 2 of the Dungeon.
             The game lasted 00:05:20 (2310 turns).

Goblin1989 the Insei (Demonspawn Monk)              Turns: 2310, Time: 00:05:21

Health: -1/41      AC:  5    Str: 12    XL:     5   Next: 25%
Magic:  5/5        EV: 11    Int: 12    God:
Gold:   111        SH:  0    Dex: 15    Spells: 0 memorised, 4 levels left

rFire  . . .     SeeInvis .       - Unarmed
rCold  . . .     Clarity  .     n - +0 ring mail
rNeg   . . .     SustAt   .     (no shield)
rPois  .         Gourm    .     (no helmet)
rElec  .         Spirit   .     (no cloak)
rCorr  .         Warding  .     (no gloves)
rMut   .         Stasis   .     (no boots)
MR     .....                    (no amulet)
Stlth  +.........               (no ring)
                                (no ring)

@: not resistant to hostile enchantments, very unstealthy
A: rot immunity
a: no special abilities


You were on level 2 of the Dungeon.
You were hungry.

You visited 1 branch of the dungeon, and saw 3 of its levels.

You collected 111 gold pieces.

Inventory:

Missiles
 a - 58 stones (quivered)
Armour
 n - a +0 ring mail (worn)
Scrolls
 b - 5 scrolls of remove curse {unknown}
 c - 4 scrolls of teleportation {unknown}
 d - a scroll of recharging {unknown}
 q - a scroll of enchant armour {unknown}
Potions
 f - a potion of brilliance {unknown}
 h - a potion of lignification {unknown}
 i - a potion of heal wounds {unknown}
 j - 2 potions of might {unknown}
 k - a potion of cure mutation {unknown}
 o - 2 potions of mutation {unknown}
Comestibles
 e - 2 bread rations {@e1}
 g - a royal jelly
 l - a beef jerky
 m - a meat ration {@e2}
 p - 4 chunks of flesh


   Skills:
 - Level 3.0 Fighting
 - Level 2.6 Dodging
 - Level 1.7 Stealth
 + Level 6.0 Unarmed Combat


You had 4 spell levels left.
You didn't know any spells.

Dungeon Overview and Level Annotations

Branches:
Dungeon (3/15)

Altars:


Innate Abilities, Weirdness & Mutations

You are immune to rotting.


Message History

The bat barely misses you. The gnoll barely misses you.
You hit the gnoll.
The gnoll is lightly wounded.
The bat hits you but does no damage. The gnoll hits you but does no damage.
The bat hits you but does no damage.
You punch the bat!
You kill the bat!
The gnoll misses you. The gnoll hits you.
You take 1 damage, and have 40/41 hp.
You closely miss the gnoll.
The gnoll is lightly wounded.
The gnoll barely misses you. The gnoll closely misses you.
The gnoll hits you but does no damage.
A kobold comes into view.
You closely miss the gnoll.
The gnoll is lightly wounded.
The kobold shouts!
The gnoll hits you with a club. The gnoll barely misses you.
The gnoll hits you with a whip.
You take 6 damage, and have 34/41 hp.
You barely miss the gnoll.
The gnoll is lightly wounded.
The kobold throws a stone.
The stone barely misses you. The gnoll barely misses you.
You hit the gnoll.
The gnoll is heavily wounded.
The gnoll barely misses you. x2
The kobold throws a stone.
The stone hits you but does no damage. The gnoll hits you!
You hit the gnoll but do no damage.
The gnoll is heavily wounded.
The kobold throws a stone.
The stone hits you but does no damage. The gnoll hits you but does no damage.
The gnoll misses you.
You barely miss the gnoll.
The gnoll is heavily wounded.
The gnoll closely misses you.
The kobold throws a stone.
The stone hits you but does no damage. The gnoll hits you with a whip.
The gnoll hits you with a club.
You are too injured to fight recklessly!
You are too injured to fight recklessly!
You are too injured to fight recklessly!
You are too injured to fight recklessly!
You are too injured to fight recklessly!
You are too injured to fight recklessly!
You are too injured to fight recklessly!
You take 15 damage, and have 19/41 hp.
O_OOPS!!
MASSIVE DAMAGE!!
You are too injured to fight recklessly!
You are too injured to fight recklessly!
You are too injured to fight recklessly!
You are too injured to fight recklessly!
You are too injured to fight recklessly!
You are too injured to fight recklessly!
You are too injured to fight recklessly!
You are too injured to fight recklessly!
You are too injured to fight recklessly!
You are too injured to fight recklessly!
You are too injured to fight recklessly!
You are too injured to fight recklessly!
You are too injured to fight recklessly!
You are too injured to fight recklessly!
You are too injured to fight recklessly!
You are too injured to fight recklessly!
You are too injured to fight recklessly!
You are too injured to fight recklessly!
You are too injured to fight recklessly!
You are too injured to fight recklessly!
You are too injured to fight recklessly!
You are too injured to fight recklessly!
You are too injured to fight recklessly!
You are too injured to fight recklessly!
You are feeling hungry.
The gnoll hits you with a club.
* * * LOW HITPOINT WARNING * * *
The gnoll hits you.
* * * LOW HITPOINT WARNING * * *
You take 12 damage, and have 7/41 hp.
O_OOPS!!
MASSIVE DAMAGE!!
The gnoll shouts!
There is a stone staircase leading up, spattered with blood here.
The gnoll hits you.
* * * LOW HITPOINT WARNING * * *
You climb upwards.
There is a stone staircase leading down here.
You take 1 damage, and have 7/41 hp.
You punch the gnoll!
The gnoll is heavily wounded.
The gnoll closely misses you.
You hit the gnoll.
The gnoll is severely wounded.
You hit the gnoll but do no damage.
The gnoll is severely wounded.
The gnoll hits you.
* * * LOW HITPOINT WARNING * * *
You take 4 damage, and have 3/41 hp.
You barely miss the gnoll. You punch the gnoll.
The gnoll is severely wounded.
The gnoll hits you but does no damage.
You closely miss the gnoll.
The gnoll is severely wounded.
The gnoll hits you.
You die...

....█ █........................█.
....████.....██████............██
......██.....█ █......█.....██
....█.█..█.████████..............
........██.████...(..██.█.......█
........█..██...██......█........
██.†............█..██..........██
█.......[).....g..██...█.....███
█..............@..........████..
█..............████..████.......
██..............███...███........
..........................█......
.██..................██████..████
███.........[................█
█........█.███......██.......████
..█.........██................██.
..█)....██..........██........██.


You could see a gnoll.

Vanquished Creatures
  A giant frog (D:3)
  Ijyb (D:2)
  2 adders (D:2)
  An ooze (D:1)
  4 giant geckos
  A bat (D:3)
  6 goblins
  7 hobgoblins
  3 jackals (D:2)
  A ball python (D:2)
  2 giant cockroaches
  3 giant newts (D:1)
  9 kobolds
  A rat (D:2)
42 creatures vanquished.

Notes
Turn   | Place    | Note
--------------------------------------------------------------
     0 | D:1      | Goblin1989 the Demonspawn Monk began the quest for the Orb.
     0 | D:1      | Reached XP level 1. HP: 18/18 MP: 1/1
   275 | D:1      | Reached skill level 4 in Unarmed Combat
   284 | D:1      | Gained mutation: You are immune to rotting. [demonic ancestry]
   284 | D:1      | Reached XP level 2. HP: 18/24 MP: 2/2
   761 | D:1      | Reached XP level 3. HP: 29/29 MP: 3/3
  1008 | D:2      | Noticed Ijyb
  1029 | D:2      | Killed Ijyb
  1029 | D:2      | Reached skill level 5 in Unarmed Combat
  1374 | D:2      | Reached XP level 4. HP: 19/35 MP: 4/4
  2078 | D:3      | Noticed a giant frog
  2092 | D:3      | Killed a giant frog
  2092 | D:3      | Reached skill level 6 in Unarmed Combat
  2092 | D:3      | Reached XP level 5. HP: 18/41 MP: 5/5
  2310 | D:2      | Slain by a gnoll

Action                   |  1- 3 |  4- 6 || total
-------------------------+-------+-------++-------
Melee: Unarmed           |   128 |    60 ||   188
 Stab: Sleeping          |     4 |     1 ||     5
  Eat: Chunk             |       |     4 ||     4

Vault maps used:
D:1:      dpeg_arrival_refuge
D:2:      uniq_iyjb
D:3:      first_bread
